 Dungeon Crawl Stone Soup version 0.28-a0-1415-g7c84da036a (webtiles) character file.

Game seed: 16157610260777037731

480 lonewolfV2 the Insei (level 7, 0/40 HPs)
             Began as a Tengu Transmuter on Jan 7, 2022.
             Shot with an arrow by a centaur (6 damage)
             ... on level 5 of the Dungeon.
             The game lasted 00:10:06 (6224 turns).

lonewolfV2 the Insei (Tengu Transmuter)             Turns: 6224, Time: 00:10:07

Health: 0/40       AC:  7    Str: 11    XL:     7   Next: 12%
Magic:  12/13      EV: 13    Int: 15    God:
Gold:   206        SH:  0    Dex: 14    Spells: 11/12 levels left

rFire   + . .      SeeInvis .   k - +1 dagger (elec)
rCold   . . .      Faith    .   d - orb {*channel}
rNeg    . . .      Spirit   .   e - +2 ring mail {rF+}
rPois   .          Reflect  .   (helmet currently unavailable)
rElec   .          Harm     .   (no cloak)
rCorr   .          Rampage  .   (no gloves)
Will    .....                   (boots unavailable)
Stlth   +.........              (no amulet)
HPRegen 0.13/turn               (no ring)
MPRegen 0.13/turn               (no ring)

@: appendages, flying quickly and evasively, quick
A: horns 2, flying, beak, talons 3, nimble flight
a: End Transformation


You were on level 5 of the Dungeon.
You had temporarily grown beastly horns.
You visited 1 branch of the dungeon, and saw 5 of its levels.

You collected 206 gold pieces.

Inventory:

Hand Weapons
 k - a +1 dagger of electrocution (weapon)
Armour
 a - a +0 robe
 d - an orb of energy (worn)
 e - a +2 ring mail of fire resistance (worn)
Wands
 i - a wand of paralysis (3)
Scrolls
 c - a scroll of teleportation
 g - 5 scrolls of identify
 h - a scroll of vulnerability {unknown}
 l - a scroll of fear {unknown}
Potions
 b - a potion of cancellation
 f - a potion of curing
 j - a potion of might {unknown}
 m - a potion of brilliance {unknown}


   Skills:
 + Level 2.0 Fighting
 + Level 1.4 Short Blades
 + Level 3.5 Armour
 + Level 2.9 Dodging
 + Level 1.1 Stealth
 + Level 4.7 Unarmed Combat
 + Level 3.3 Spellcasting
 + Level 2.8 Transmutations


You had 11 spell levels left.
You knew the following spells:

 Your Spells              Type           Power      Damage    Failure   Level
a - Beastly Appendage     Tmut           22%        N/A       14%         1

Your spell library contained the following spells:

 Spells                   Type           Power      Damage    Failure   Level
 Wereblood                Tmut           11%        N/A       21%         2
 Spider Form              Tmut/Pois      6%         N/A       58%         3
 Ice Form                 Ice/Tmut       6%         N/A       94%         4


Dungeon Overview and Level Annotations

Branches:
Dungeon (5/15)
 Temple: D:4-7

Altars:


Innate Abilities, Weirdness & Mutations

You have temporarily grown beastly horns.
You are flying.
You have a beak for a mouth.
You have claws for feet.
Your magical nature lets you fly swiftly and evasively.


Message History

You closely miss the hound. You peck the hound, but do no damage.
The hound is heavily wounded.
Your transformation is almost over.
The hound barely misses you.
You closely miss the hound. You claw the hound, but do no damage.
The hound is heavily wounded.
The hound bites you. The hound barely misses you.
You closely miss the hound. Your kick misses the hound.
Your headbutt misses the hound.
The hound is heavily wounded.
The hound bites you but does no damage.
You hit the hound but do no damage. Your kick misses the hound.
Your peck misses the hound.
The hound is heavily wounded.
The hound bites you. x2
You barely miss the hound.
The hound is heavily wounded.
The hound barely misses you.
You closely miss the hound. Your headbutt misses the hound.
The hound is heavily wounded.
The hound bites you but does no damage.
Casting: Beastly Appendage (safe; 14% risk of failure)
Confirm with . or Enter, or press ? or * to list all spells.
You extend your transformation's duration.
The hound barely misses you. The hound closely misses you.
You closely miss the hound. You peck the hound.
The hound is severely wounded.
The hound closely misses you.
You hit the hound. Lightning courses through the hound!
You kill the hound!
You see here a hound corpse.
A gnoll and a centaur come into view.
The centaur shouts!
The gnoll shouts!
The centaur wields a +0 shortbow.
The centaur shoots an arrow.
The arrow hits you!
The centaur shoots an arrow.
The arrow hits you!
* * * LOW HITPOINT WARNING * * *
You see here a hound corpse.
The centaur shoots an arrow.
The arrow hits you.
You die...

#........#.#.#
#..........#.# ..
.#.........#...##. ...
#................. ....
..#............... ...##
..c.. .?........## ...#
#...##.........## #..
#...†@...#...... #.
#...#....###...##.. #.
#.#...##..##.......####.
g.
#.#####........<...#.. .
(.. #..............# ###
#.###)..............
#........(..........
#####.(.........#...
#...#.#.#####.##


You could see a centaur.

Vanquished Creatures
  An ogre (D:5)
  A phantom (D:4)
  A scorpion (D:4)
  A hound (D:5)
  2 iguanas (D:4)
  An orc wizard (D:4)
  6 adders
  A river rat (D:3)
  3 worms
  3 dart slugs
  4 orcs
  4 bats
  7 endoplasms
  9 giant cockroaches
  3 goblins
  3 hobgoblins
  7 jackals
  2 kobolds
  2 quokkas
  4 ball pythons
  7 frilled lizards
  5 rats
77 creatures vanquished.

Vanquished Creatures (others)
  A ball python (D:4)
  A hobgoblin (D:4)
  A fungus (D:2)
  2 plants (D:2)
5 creatures vanquished.

Grand Total: 82 creatures vanquished

Notes
Turn   | Place    | Note
-------+----------+-------------------------------------------
     0 | D:1      | lonewolfV2 the Tengu Transmuter began the quest for the
                  | Orb.
     0 | D:1      | Reached XP level 1. HP: 12/12 MP: 4/4
   459 | D:1      | Reached XP level 2. HP: 16/16 MP: 4/6
  1005 | D:1      | Reached XP level 3. HP: 15/20 MP: 5/7
  1241 | D:2      | Reached skill level 4 in Unarmed Combat
  1785 | D:2      | Found a faded altar of an unknown god.
  1983 | D:3      | Reached XP level 4. HP: 25/25 MP: 6/8
  2860 | D:3      | Reached skill level 1 in Armour
  2918 | D:3      | HP: 1/25 [poisoned by an adder]
  3513 | D:4      | Gained mutation: Your magical nature lets you fly swiftly
                  | and evasively. [Tengu growth]
  3513 | D:4      | Reached XP level 5. HP: 27/29 MP: 8/10
  4037 | D:4      | Noticed a phantom
  4049 | D:4      | Killed a phantom
  4158 | D:4      | Reached XP level 6. HP: 34/34 MP: 11/11
  4175 | D:4      | HP: 1/34 [poisoned by a scorpion]
  5926 | D:5      | Entered Level 5 of the Dungeon
  6029 | D:5      | Reached skill level 1 in Short Blades
  6029 | D:5      | Reached skill level 1 in Stealth
  6029 | D:5      | Reached XP level 7. HP: 24/40 MP: 11/13
  6224 | D:5      | Shot with an arrow by a centaur

Illustrated notes

Levels and vault maps discovered:
D:1:      dpeg_arrival_rooms_b, layout_basic
D:2:      layout_rooms, shapermc_ecumenical_altar_mp_urbaneastern
D:3:      layout_loops_cross, gup_sewer_entry_bubbles
D:4:      nicolae_cairo_tiling, layout_basic, serial_co_window_serial,
          co_window_of_opportunity_a, co_window_paths_a, co_window_cross_1,
          co_window_corner_a, co_window_paths_a, co_window_unsneaky_path_e,
          co_window_corner_b, co_window_paths_c, glass_columns_a,
          glass_columns_a, glass_columns_a, glass_columns_a, minmay_surrounded
D:5:      layout_rooms, uniq_ijyb

Skill      XL: |  1  2  3  4  5  6 |
---------------+-------------------+-----
Transmutations | 2 |  2.8
Unarmed Combat | 4 |  4.7
Armour         | 1 2 3 |  3.5
Spellcasting   | 3 |  3.3
Fighting       | 2 |  2.0
Short Blades   | 1 |  1.4
Stealth        | 1 |  1.1
Dodging        | |  2.9

Action                   |  1- 3 |  4- 6 |  7- 9 || total
-------------------------+-------+-------+-------++-------
Melee: Unarmed           |    66 |    77 |       ||   143
       Peck              |     4 |    15 |     2 ||    21
       Kick              |    13 |    41 |     2 ||    56
       Headbutt          |     5 |    13 |     3 ||    21
       Dagger            |       |    90 |    20 ||   110
 Cast: Beastly Appendage |    20 |    21 |     2 ||    43
  Use: Scroll            |     2 |     3 |       ||     5
       Potion            |       |     4 |       ||     4
 Stab: Sleeping          |     1 |       |       ||     1
Armor: Robe              |     2 |       |       ||     2
       Ring mail         |    26 |    47 |     4 ||    77
Dodge: Dodged            |    43 |    89 |    17 ||   149

Table legend: (Time is in decaauts)
 A = Elapsed time spent in this place.
 B = Non-inter-level travel time spent in this place.
 C = Inter-level travel time spent in this place.
 D = Time resting spent in this place.
 E = Time spent auto-exploring this place.
 F = Levels seen in this place.
 G = Mean time per level.
                   A        B        C        D        E       F      G
               +--------+--------+--------+--------+--------+-----+--------+
         Total |   6129 |   5943 |    186 |   1899 |   3165 |   5 | 1225.8 |
       Dungeon |   6129 |   5943 |    186 |   1899 |   3165 |   5 | 1225.8 |
               +--------+--------+--------+--------+--------+-----+--------+

Top non-repeatable levels by time:
     D:4: 2335 daAuts
     D:3: 1539 daAuts
     D:1: 1227 daAuts
     D:2: 745 daAuts
     D:5: 282 daAuts
